[ AOE2 MATCH · #480326333 ]
UnrankedMongols vs Huns
[ REPLAY ANALYSIS · EXTRACTED FROM THE RECORDED GAME ]
Feudal
14:44
Castle
18:18
Imperial
51:42
| APM avg | 57.8 |
| APM peak | 121 |
| eAPM avg | 20.1 |
| Villagers / military | 144 / 123 |
Focus
⚔️ 22.1% · 🌾 77.9%
Mangudai ×120 · Mangonel ×2 · Trebuchet (Packed) ×1
Feudal
12:32
Castle
17:55
Imperial
40:06
| APM avg | 31.9 |
| APM peak | 60 |
| eAPM avg | 15.5 |
| Villagers / military | 132 / 221 |
Focus
⚔️ 49.1% · 🌾 50.9%
Cavalry Archer ×144 · Scout Cavalry ×73 · Trebuchet (Packed) ×3 · Spearman ×1
Feudal
13:27
Castle
28:26
Imperial
44:17
| APM avg | 48.9 |
| APM peak | 89 |
| eAPM avg | 28.9 |
| Villagers / military | 202 / 160 |
Focus
⚔️ 24.1% · 🌾 75.9%
Skirmisher ×99 · Knight ×21 · Scout Cavalry ×21 · Cavalry Archer ×15 · Trebuchet (Packed) ×3 · Spearman ×1
Feudal
13:28
Castle
18:13
Imperial
55:28
| APM avg | 43.5 |
| APM peak | 73 |
| eAPM avg | 20.1 |
| Villagers / military | 147 / 41 |
Focus
⚔️ 36.0% · 🌾 64.0%
Spearman ×32 · Unknown (1959) ×22 · Unknown (1962) ×13 · Battering Ram ×6 · Mangonel ×3 · Unknown (1942) ×2
Feudal
14:15
Castle
17:46
Imperial
40:38
| APM avg | 44.7 |
| APM peak | 77 |
| eAPM avg | 20.0 |
| Villagers / military | 136 / 153 |
Focus
⚔️ 35.8% · 🌾 64.2%
Skirmisher ×90 · Knight ×56 · Trebuchet (Packed) ×5 · Monk ×2
Feudal
—
Castle
—
Imperial
—
| APM avg | 60.6 |
| APM peak | 119 |
| eAPM avg | 26.7 |
| Villagers / military | 150 / 173 |
Focus
⚔️ 27.7% · 🌾 72.3%
Cavalry Archer ×102 · Scout Cavalry ×41 · Skirmisher ×15 · Battering Ram ×6 · Trebuchet (Packed) ×5 · Steppe Lancer ×2
Feudal
14:12
Castle
18:07
Imperial
35:59
| APM avg | 51.7 |
| APM peak | 104 |
| eAPM avg | 26.6 |
| Villagers / military | 181 / 204 |
Focus
⚔️ 40.6% · 🌾 59.4%
Tarkan ×114 · Skirmisher ×79 · Scout Cavalry ×4 · Knight ×3 · Trebuchet (Packed) ×3 · Monk ×1
Feudal
13:45
Castle
18:55
Imperial
35:45
| APM avg | 32.6 |
| APM peak | 77 |
| eAPM avg | 20.8 |
| Villagers / military | 156 / 292 |
Focus
⚔️ 32.3% · 🌾 67.7%
Mangudai ×156 · Scout Cavalry ×70 · Knight ×35 · Camel Scout ×23 · Trebuchet (Packed) ×4 · Spearman ×3
Match map
Initial resources + every placement click. Lines = walls · curves = elevation contours. ◆ gold · ⬟ stone · ● berries · ✦ relic · ◌ wall gap
Your base· Open — unwalled flank
johnnyboy's base· Open — 12t gap
天天开心's base· ✓ Closed at 28:26 · 69t walls · 3 gate(s)
peterzjx's base· Open — unwalled flank
曾经沧海难为水's base· Open — unwalled flank
WildcatGecko807's base· Open — 12t gap
oy's base· Open — unwalled flank
Fs.Corisco^Hs's base· ✓ Closed at 18:55 · 56t walls · 1 gate(s)
Smoothed initial terrain · ◌ = detected wall gap · hover for details
Inputs per minute
— 搞就完了 - - johnnyboy
Build order — 搞就完了
First 150 of 374 actions detected
| 0:20 | Build | Town Center |
| 1:46 | Build | House |
| 1:48 | Build | House |
| 2:46 | Research | Loom |
| 2:47 | Create | Villager (Male) |
| 2:47 | Create | Villager (Male) |
| 2:47 | Create | Villager (Male) |
| 2:47 | Create | Villager (Male) |
| 2:48 | Create | Villager (Male) |
| 4:02 | Create | Villager (Male) |
| 4:02 | Create | Villager (Male) |
| 4:34 | Create | Villager (Male) |
| 4:34 | Create | Villager (Male) |
| 5:04 | Create | Villager (Male) |
| 5:04 | Create | Villager (Male) |
| 6:19 | Create | Villager (Male) |
| 6:23 | Create | Villager (Male) |
| 6:26 | Create | Villager (Male) |
| 6:31 | Create | Villager (Male) |
| 6:31 | Create | Villager (Male) |
| 6:40 | Create | Villager (Male) |
| 6:40 | Create | Villager (Male) |
| 6:45 | Build | Lumber Camp |
| 6:59 | Build | House |
| 7:00 | Build | House |
| 7:26 | Create | Villager (Male) |
| 7:26 | Create | Villager (Male) |
| 7:40 | Create | Villager (Male) |
| 7:40 | Create | Villager (Male) |
| 7:40 | Create | Villager (Male) |
| 8:10 | Create | Villager (Male) |
| 8:10 | Create | Villager (Male) |
| 8:10 | Create | Villager (Male) |
| 8:11 | Create | Villager (Male) |
| 9:00 | Build | Mill |
| 10:46 | Build | Mining Camp |
| 10:53 | Build | House |
| 11:11 | Build | House |
| 11:12 | Build | House |
| 11:29 | Create | Villager (Male) |
| 11:56 | Build | Mining Camp |
| 12:03 | Research | Feudal Age |
| 14:02 | Create | Villager (Male) |
| 14:02 | Create | Villager (Male) |
| 14:44 | Age | Feudal Age |
| 14:48 | Build | Market |
| 14:53 | Build | Blacksmith |
| 14:56 | Research | Double-Bit Axe |
| 15:38 | Research | Castle Age |
| 15:39 | Research | Castle Age |
| 15:48 | Research | Horse Collar |
| 15:53 | Research | Padded Archer Armor |
| 18:18 | Age | Castle Age |
| 18:35 | Build | Castle |
| 18:40 | Create | Villager (Male) |
| 18:53 | Create | Villager (Male) |
| 19:35 | Build | Town Center |
| 20:16 | Create | Villager (Male) |
| 20:16 | Create | Villager (Male) |
| 20:18 | Create | Villager (Male) |
| 20:31 | Create | Villager (Male) |
| 20:31 | Create | Villager (Male) |
| 20:31 | Create | Villager (Male) |
| 20:39 | Research | Bow Saw |
| 20:47 | Create | Mangudai |
| 20:47 | Create | Mangudai |
| 20:47 | Create | Mangudai |
| 21:04 | Create | Mangudai |
| 21:04 | Create | Mangudai |
| 21:04 | Create | Mangudai |
| 21:21 | Build | University |
| 21:42 | Create | Mangudai |
| 21:42 | Create | Mangudai |
| 21:42 | Create | Mangudai |
| 21:54 | Build | Mining Camp |
| 22:17 | Create | Villager (Male) |
| 22:17 | Create | Villager (Male) |
| 22:29 | Build | Siege Workshop |
| 23:12 | Build | Mill |
| 23:20 | Create | Mangonel |
| 23:22 | Create | Mangudai |
| 23:22 | Create | Mangudai |
| 23:28 | Create | Villager (Male) |
| 23:29 | Create | Villager (Male) |
| 23:41 | Create | Mangudai |
| 23:41 | Create | Mangudai |
| 23:42 | Create | Mangudai |
| 23:42 | Create | Mangudai |
| 24:15 | Create | Villager (Male) |
| 24:15 | Create | Villager (Male) |
| 24:33 | Research | Fletching |
| 24:37 | Create | Mangonel |
| 24:41 | Create | Villager (Male) |
| 24:41 | Create | Villager (Male) |
| 24:42 | Create | Villager (Male) |
| 24:59 | Create | Mangudai |
| 24:59 | Create | Mangudai |
| 24:59 | Create | Mangudai |
| 24:59 | Create | Mangudai |
| 25:03 | Create | Villager (Male) |
| 25:20 | Create | Villager (Male) |
| 25:34 | Create | Villager (Male) |
| 25:57 | Create | Mangudai |
| 25:57 | Create | Mangudai |
| 26:47 | Research | Ballistics |
| 28:07 | Build | Town Center |
| 28:40 | Create | Villager (Male) |
| 28:40 | Create | Villager (Male) |
| 28:42 | Create | Villager (Male) |
| 28:47 | Research | Bodkin Arrow |
| 29:20 | Create | Villager (Male) |
| 29:53 | Create | Villager (Male) |
| 29:54 | Create | Villager (Male) |
| 29:54 | Create | Villager (Male) |
| 30:32 | Create | Villager (Male) |
| 30:33 | Create | Villager (Male) |
| 30:57 | Create | Mangudai |
| 30:57 | Create | Mangudai |
| 30:57 | Create | Mangudai |
| 31:15 | Build | Town Center |
| 31:16 | Create | Villager (Male) |
| 31:17 | Create | Villager (Male) |
| 32:20 | Create | Villager (Male) |
| 32:21 | Create | Villager (Male) |
| 32:25 | Create | Mangudai |
| 32:25 | Create | Mangudai |
| 32:25 | Create | Mangudai |
| 32:26 | Create | Mangudai |
| 33:25 | Create | Mangudai |
| 33:25 | Create | Mangudai |
| 33:25 | Create | Mangudai |
| 33:25 | Create | Mangudai |
| 33:25 | Create | Mangudai |
| 33:26 | Create | Mangudai |
| 33:29 | Create | Villager (Male) |
| 33:29 | Create | Villager (Male) |
| 33:41 | Create | Mangudai |
| 34:11 | Build | Town Center |
| 34:19 | Create | Mangudai |
| 34:19 | Create | Mangudai |
| 34:19 | Create | Mangudai |
| 34:32 | Create | Villager (Male) |
| 34:41 | Create | Villager (Male) |
| 34:41 | Create | Villager (Male) |
| 34:44 | Create | Mangudai |
| 34:45 | Create | Mangudai |
| 34:45 | Create | Mangudai |
| 34:45 | Create | Mangudai |
| 35:28 | Create | Villager (Male) |
| 35:36 | Create | Mangudai |
Build order — johnnyboy
First 150 of 277 actions detected
| 0:33 | Build | Town Center |
| 2:40 | Create | Villager (Male) ×4 |
| 3:54 | Create | Villager (Male) |
| 4:29 | Create | Villager (Male) ×2 |
| 5:18 | Create | Villager (Male) |
| 5:37 | Research | Loom |
| 5:37 | Create | Villager (Male) |
| 6:09 | Create | Villager (Male) |
| 7:13 | Build | Mill |
| 7:17 | Create | Villager (Male) |
| 7:37 | Create | Villager (Male) |
| 8:12 | Create | Villager (Male) |
| 8:34 | Create | Villager (Male) |
| 8:56 | Build | Lumber Camp |
| 8:58 | Create | Villager (Male) |
| 9:22 | Create | Villager (Male) |
| 9:57 | Create | Villager (Male) |
| 9:58 | Research | Feudal Age |
| 10:30 | Build | Mining Camp |
| 11:44 | Build | Palisade Wall |
| 11:52 | Build | Palisade Wall |
| 12:19 | Create | Villager (Male) |
| 12:20 | Create | Villager (Male) |
| 12:32 | Age | Feudal Age |
| 12:38 | Build | Market |
| 12:44 | Build | Blacksmith |
| 12:46 | Build | Palisade Wall |
| 13:25 | Create | Villager (Male) |
| 13:48 | Create | Villager (Male) |
| 14:06 | Build | Palisade Wall |
| 14:08 | Build | Palisade Wall |
| 14:14 | Create | Villager (Male) |
| 14:24 | Build | Barracks |
| 14:26 | Build | Palisade Wall |
| 14:36 | Build | Palisade Wall |
| 14:43 | Create | Villager (Male) |
| 15:15 | Research | Castle Age |
| 15:30 | Build | Archery Range |
| 15:54 | Build | Palisade Wall |
| 16:02 | Research | Double-Bit Axe |
| 16:15 | Research | Fletching |
| 17:10 | Build | Archery Range |
| 17:19 | Build | Palisade Wall |
| 17:21 | Build | Palisade Wall |
| 17:46 | Create | Villager (Male) |
| 17:55 | Age | Castle Age |
| 17:56 | Create | Cavalry Archer |
| 17:57 | Create | Cavalry Archer |
| 18:03 | Create | Cavalry Archer |
| 18:24 | Create | Villager (Male) |
| 18:24 | Create | Villager (Male) |
| 18:30 | Build | Town Center |
| 18:34 | Create | Cavalry Archer |
| 18:41 | Research | Bodkin Arrow |
| 18:43 | Create | Villager (Male) |
| 18:48 | Create | Cavalry Archer |
| 19:15 | Create | Villager (Male) |
| 19:16 | Create | Cavalry Archer |
| 19:39 | Create | Cavalry Archer |
| 19:41 | Create | Villager (Male) |
| 19:53 | Create | Cavalry Archer |
| 20:05 | Build | Archery Range |
| 20:09 | Create | Villager (Male) |
| 20:21 | Create | Cavalry Archer |
| 20:22 | Create | Villager (Male) |
| 20:35 | Create | Villager (Male) |
| 20:48 | Create | Villager (Male) |
| 21:00 | Create | Cavalry Archer ×2 |
| 21:09 | Create | Cavalry Archer |
| 21:16 | Create | Villager (Male) |
| 21:24 | Build | University |
| 21:34 | Create | Villager (Male) |
| 21:37 | Create | Cavalry Archer ×2 |
| 21:46 | Build | Mining Camp |
| 21:51 | Create | Villager (Male) |
| 21:59 | Create | Villager (Male) ×2 |
| 22:06 | Create | Cavalry Archer |
| 22:23 | Create | Villager (Male) |
| 22:36 | Build | Palisade Wall |
| 22:39 | Build | Palisade Wall |
| 22:45 | Create | Villager (Male) |
| 22:56 | Build | Palisade Gate |
| 23:00 | Build | Palisade Wall |
| 23:05 | Create | Cavalry Archer ×5 |
| 23:23 | Create | Cavalry Archer |
| 23:43 | Research | Ballistics |
| 23:44 | Research | Ballistics |
| 23:57 | Build | Farm |
| 24:01 | Build | Farm |
| 24:08 | Create | Villager (Male) ×3 |
| 24:21 | Create | Cavalry Archer ×3 |
| 24:48 | Build | Farm |
| 24:54 | Create | Villager (Male) |
| 25:04 | Build | Stable |
| 25:10 | Create | Villager (Male) |
| 25:14 | Build | Farm |
| 25:17 | Build | Farm |
| 25:18 | Create | Villager (Male) |
| 25:48 | Build | Town Center |
| 25:54 | Create | Cavalry Archer ×4 |
| 25:55 | Create | Villager (Male) |
| 26:14 | Research | Husbandry |
| 26:27 | Build | Farm |
| 26:37 | Build | Farm |
| 27:00 | Create | Villager (Male) |
| 27:01 | Create | Villager (Male) |
| 27:01 | Create | Villager (Male) |
| 27:02 | Create | Cavalry Archer ×5 |
| 27:30 | Create | Villager (Male) |
| 27:46 | Build | Farm |
| 27:48 | Build | Farm |
| 27:52 | Research | Horse Collar |
| 28:04 | Build | Lumber Camp |
| 28:12 | Build | Farm |
| 28:12 | Build | Farm |
| 28:13 | Build | Farm |
| 28:13 | Build | Farm |
| 28:13 | Build | Farm |
| 28:26 | Create | Villager (Male) |
| 28:32 | Create | Cavalry Archer ×5 |
| 28:35 | Create | Villager (Male) |
| 28:44 | Create | Villager (Male) |
| 28:54 | Build | Farm |
| 28:55 | Build | Farm |
| 28:57 | Build | Farm |
| 29:16 | Create | Villager (Male) ×2 |
| 29:19 | Build | Farm |
| 29:20 | Create | Cavalry Archer ×5 |
| 29:30 | Research | Padded Archer Armor |
| 29:36 | Build | Farm |
| 29:39 | Build | Farm |
| 29:45 | Research | Town Watch |
| 30:00 | Create | Villager (Male) ×2 |
| 30:02 | Build | Farm |
| 30:17 | Build | Gate |
| 30:38 | Create | Villager (Male) ×5 |
| 30:42 | Create | Cavalry Archer ×5 |
| 31:03 | Create | Villager (Male) ×3 |
| 31:09 | Build | Farm |
| 31:09 | Build | Farm |
| 31:10 | Build | Farm |
| 31:13 | Build | Farm |
| 31:14 | Build | Farm |
| 31:15 | Build | Farm |
| 31:16 | Build | Farm |
| 31:23 | Create | Cavalry Archer |
| 31:25 | Create | Villager (Male) ×2 |
| 31:32 | Build | Farm |
| 31:37 | Create | Villager (Male) ×2 |
| 31:58 | Research | Bloodlines |
Build order — 天天开心
First 150 of 589 actions detected
| 0:15 | Build | Town Center |
| 0:59 | Build | House |
| 1:00 | Build | Lumber Camp |
| 2:12 | Build | House |
| 2:26 | Build | House |
| 2:40 | Build | House |
| 2:59 | Create | Villager (Male) |
| 2:59 | Create | Villager (Male) |
| 3:07 | Create | Villager (Male) |
| 3:07 | Create | Villager (Male) |
| 3:08 | Create | Villager (Male) |
| 4:13 | Create | Villager (Male) |
| 4:13 | Create | Villager (Male) |
| 4:52 | Build | House |
| 5:04 | Create | Villager (Male) |
| 5:04 | Create | Villager (Male) |
| 5:39 | Create | Villager (Male) |
| 5:39 | Create | Villager (Male) |
| 5:39 | Create | Villager (Male) |
| 6:32 | Create | Villager (Male) |
| 6:32 | Create | Villager (Male) |
| 6:36 | Build | House |
| 6:47 | Build | House |
| 7:00 | Create | Villager (Male) |
| 7:00 | Create | Villager (Male) |
| 7:05 | Create | Villager (Male) |
| 7:12 | Build | House |
| 7:49 | Create | Villager (Male) |
| 8:28 | Build | House |
| 8:43 | Create | Villager (Male) |
| 8:43 | Create | Villager (Male) |
| 8:57 | Build | Lumber Camp |
| 9:37 | Build | House |
| 9:37 | Create | Villager (Male) |
| 9:58 | Create | Villager (Male) |
| 10:05 | Create | Villager (Male) |
| 10:23 | Build | House |
| 10:35 | Build | Mill |
| 10:47 | Create | Villager (Male) |
| 10:55 | Build | Palisade Wall |
| 10:57 | Build | Palisade Gate |
| 11:07 | Research | Feudal Age |
| 11:08 | Research | Feudal Age |
| 11:50 | Build | House |
| 11:51 | Build | House |
| 12:19 | Build | Barracks |
| 12:57 | Research | Loom |
| 12:57 | Research | Loom |
| 13:27 | Age | Feudal Age |
| 13:29 | Create | Villager (Male) |
| 13:31 | Build | Stable |
| 13:32 | Create | Villager (Male) |
| 13:39 | Research | Double-Bit Axe |
| 13:39 | Research | Double-Bit Axe |
| 13:56 | Create | Spearman |
| 14:08 | Build | Mill |
| 14:09 | Create | Villager (Male) |
| 14:11 | Create | Villager (Male) |
| 14:12 | Create | Scout Cavalry |
| 14:19 | Create | Scout Cavalry |
| 14:29 | Create | Scout Cavalry |
| 14:41 | Create | Scout Cavalry |
| 15:05 | Build | Stable |
| 15:06 | Create | Scout Cavalry |
| 15:18 | Create | Scout Cavalry |
| 15:20 | Create | Villager (Male) |
| 15:33 | Create | Scout Cavalry |
| 15:47 | Build | Watch Tower |
| 15:47 | Create | Villager (Male) |
| 15:50 | Create | Villager (Male) |
| 15:56 | Create | Villager (Male) |
| 16:00 | Build | Blacksmith |
| 16:04 | Create | Villager (Male) |
| 16:07 | Create | Scout Cavalry |
| 16:12 | Create | Scout Cavalry |
| 16:34 | Create | Villager (Male) |
| 16:43 | Create | Scout Cavalry |
| 16:47 | Build | Farm |
| 16:49 | Research | Fletching |
| 17:18 | Create | Villager (Male) |
| 17:22 | Build | Mining Camp |
| 17:23 | Build | House |
| 17:23 | Build | House |
| 17:41 | Create | Villager (Male) |
| 17:49 | Create | Villager (Male) |
| 17:51 | Research | Scale Barding Armor |
| 17:51 | Research | Scale Barding Armor |
| 18:11 | Build | Farm |
| 18:25 | Create | Scout Cavalry |
| 18:32 | Build | Farm |
| 18:34 | Build | Farm |
| 18:48 | Create | Villager (Male) |
| 18:52 | Build | Farm |
| 19:01 | Build | Farm |
| 19:03 | Research | Horse Collar |
| 19:03 | Research | Horse Collar |
| 19:46 | Build | Watch Tower |
| 19:49 | Create | Villager (Male) |
| 19:55 | Create | Villager (Male) |
| 19:57 | Build | Farm |
| 19:59 | Build | Farm |
| 20:00 | Create | Villager (Male) |
| 20:26 | Create | Villager (Male) |
| 20:28 | Build | Farm |
| 20:49 | Create | Villager (Male) |
| 21:21 | Create | Villager (Male) |
| 21:25 | Build | Farm |
| 21:26 | Build | Farm |
| 21:27 | Build | Farm |
| 21:41 | Create | Villager (Male) |
| 21:45 | Build | Farm |
| 22:01 | Build | Farm |
| 22:11 | Build | Mining Camp |
| 22:15 | Create | Scout Cavalry |
| 22:15 | Create | Scout Cavalry |
| 22:22 | Research | Wheelbarrow |
| 22:25 | Build | Farm |
| 22:39 | Create | Scout Cavalry |
| 22:49 | Create | Scout Cavalry |
| 22:50 | Create | Scout Cavalry |
| 22:56 | Build | Farm |
| 23:01 | Create | Scout Cavalry |
| 23:14 | Build | Lumber Camp |
| 23:32 | Build | House |
| 23:33 | Build | House |
| 24:10 | Build | House |
| 24:27 | Build | Mill |
| 24:44 | Create | Villager (Male) |
| 25:10 | Build | House |
| 25:20 | Create | Villager (Male) |
| 25:26 | Build | Farm |
| 25:33 | Build | House |
| 25:46 | Research | Castle Age |
| 25:46 | Research | Castle Age |
| 25:55 | Build | House |
| 25:57 | Build | Stone Wall |
| 26:37 | Create | Scout Cavalry |
| 26:37 | Create | Scout Cavalry |
| 26:41 | Build | House |
| 26:55 | Build | Stone Wall |
| 27:00 | Build | Stone Wall |
| 27:02 | Build | Gate |
| 27:10 | Build | Stone Wall |
| 27:11 | Build | Gate |
| 27:33 | Build | Stone Wall |
| 27:40 | Research | Town Watch |
| 27:44 | Build | Stone Wall |
| 27:53 | Build | Stone Wall |
| 28:14 | Research | Bloodlines |
| 28:14 | Research | Bloodlines |
Build order — peterzjx
First 150 of 265 actions detected
| 0:21 | Build | Town Center |
| 2:27 | Build | House |
| 2:31 | Create | Villager (Male) ×4 |
| 2:31 | Create | Villager (Male) ×4 |
| 3:37 | Build | House |
| 3:49 | Create | Villager (Male) |
| 4:37 | Create | Villager (Male) |
| 5:02 | Create | Villager (Male) |
| 5:07 | Build | Lumber Camp |
| 5:17 | Create | Villager (Male) |
| 5:40 | Create | Villager (Male) |
| 5:44 | Build | House |
| 5:53 | Create | Villager (Male) |
| 6:23 | Build | House |
| 6:26 | Create | Villager (Male) |
| 6:30 | Create | Villager (Male) ×2 |
| 6:39 | Create | Villager (Male) |
| 6:39 | Create | Villager (Male) |
| 7:37 | Create | Villager (Male) |
| 7:38 | Create | Villager (Male) |
| 7:38 | Create | Villager (Male) |
| 7:39 | Create | Villager (Male) |
| 7:39 | Create | Villager (Male) |
| 8:20 | Create | Villager (Male) |
| 8:58 | Create | Villager (Male) |
| 9:06 | Build | Mill |
| 9:17 | Build | Palisade Wall |
| 9:18 | Build | Palisade Wall |
| 9:21 | Build | Palisade Wall |
| 9:21 | Build | Palisade Wall |
| 9:22 | Build | Palisade Wall |
| 10:22 | Build | Barracks |
| 10:38 | Research | Loom |
| 11:14 | Research | Feudal Age |
| 11:17 | Build | House |
| 11:21 | Create | Villager (Male) |
| 11:28 | Build | Mining Camp |
| 11:54 | Build | Palisade Wall |
| 12:16 | Build | Palisade Wall |
| 13:27 | Build | Dock |
| 13:28 | Age | Feudal Age |
| 13:29 | Create | Villager (Male) |
| 13:30 | Create | Villager (Male) |
| 13:39 | Build | Market |
| 13:41 | Create | Villager (Male) |
| 13:45 | Build | Blacksmith |
| 13:55 | Create | Villager (Male) |
| 14:01 | Create | Spearman |
| 14:15 | Create | Villager (Male) |
| 14:35 | Build | House |
| 14:58 | Build | Palisade Wall |
| 15:07 | Build | Mining Camp |
| 15:29 | Research | Castle Age |
| 15:44 | Build | House |
| 15:51 | Create | Spearman |
| 15:57 | Create | Spearman |
| 16:22 | Research | Scale Mail Armor |
| 16:39 | Build | Watch Tower |
| 16:56 | Create | Villager (Male) ×4 |
| 17:25 | Create | Spearman |
| 17:28 | Create | Spearman |
| 17:36 | Create | Spearman ×4 |
| 17:43 | Build | House |
| 17:51 | Build | Palisade Wall |
| 17:56 | Build | Palisade Wall |
| 18:13 | Age | Castle Age |
| 18:25 | Create | Villager (Male) ×2 |
| 18:30 | Research | Pikeman (upgrade) |
| 19:22 | Create | Villager (Male) ×4 |
| 19:57 | Create | Villager (Male) ×2 |
| 20:44 | Create | Villager (Male) |
| 20:54 | Create | Villager (Male) |
| 21:08 | Create | Spearman |
| 21:27 | Create | Villager (Male) |
| 21:28 | Create | Villager (Male) |
| 21:29 | Create | Spearman |
| 21:29 | Create | Spearman |
| 21:57 | Create | Villager (Male) |
| 22:10 | Create | Villager (Male) |
| 22:50 | Create | Villager (Male) ×2 |
| 23:03 | Create | Spearman |
| 23:06 | Create | Spearman |
| 23:14 | Build | Town Center |
| 24:07 | Build | Palisade Wall |
| 24:19 | Build | House |
| 24:22 | Build | Palisade Wall |
| 24:39 | Create | Villager (Male) ×2 |
| 25:18 | Create | Villager (Male) ×2 |
| 25:18 | Create | Villager (Male) ×2 |
| 26:10 | Research | Squires |
| 26:12 | Create | Villager (Male) |
| 26:23 | Create | Villager (Male) |
| 26:23 | Create | Villager (Male) |
| 26:27 | Create | Villager (Male) |
| 26:30 | Create | Villager (Male) |
| 26:45 | Build | Town Center |
| 27:03 | Create | Villager (Male) |
| 27:23 | Create | Villager (Male) |
| 27:47 | Build | Siege Workshop |
| 27:50 | Create | Spearman |
| 28:06 | Create | Villager (Male) |
| 28:23 | Create | Battering Ram |
| 28:23 | Create | Battering Ram |
| 28:43 | Create | Unit 1962 |
| 28:48 | Create | Villager (Male) |
| 29:15 | Create | Villager (Male) ×2 |
| 29:25 | Create | Villager (Male) |
| 29:28 | Create | Battering Ram |
| 29:32 | Create | Spearman |
| 29:52 | Build | Castle |
| 29:55 | Build | House |
| 30:00 | Build | Palisade Wall |
| 30:10 | Create | Villager (Male) ×2 |
| 30:14 | Create | Battering Ram |
| 30:55 | Create | Villager (Male) ×2 |
| 30:55 | Create | Villager (Male) ×2 |
| 31:35 | Create | Unit 1959 ×2 |
| 32:20 | Create | Villager (Male) ×2 |
| 33:17 | Create | Villager (Male) |
| 33:17 | Create | Villager (Male) |
| 33:42 | Create | Villager (Male) |
| 33:56 | Create | Villager (Male) |
| 35:33 | Create | Villager (Male) |
| 37:56 | Build | Town Center |
| 38:33 | Create | Villager (Male) |
| 38:33 | Create | Villager (Male) |
| 39:18 | Create | Unit 1959 |
| 39:23 | Create | Unit 1959 |
| 40:02 | Build | Town Center |
| 40:05 | Create | Villager (Male) ×4 |
| 40:05 | Create | Villager (Male) ×4 |
| 40:10 | Create | Villager (Male) |
| 40:14 | Build | Farm |
| 40:15 | Build | Farm |
| 40:15 | Build | Farm |
| 40:15 | Build | Farm |
| 40:15 | Build | Farm |
| 40:30 | Create | Villager (Male) |
| 40:40 | Build | Farm |
| 40:50 | Create | Villager (Male) |
| 41:12 | Build | Mill |
| 41:13 | Create | Villager (Male) ×2 |
| 41:19 | Create | Villager (Male) |
| 41:19 | Create | Villager (Male) |
| 41:29 | Create | Villager (Male) |
| 41:37 | Build | Farm |
| 41:38 | Build | Farm |
| 41:39 | Build | Farm |
| 41:46 | Create | Villager (Male) ×2 |
| 41:55 | Create | Villager (Male) |
Build order — 曾经沧海难为水
First 150 of 473 actions detected
| 0:46 | Build | Town Center |
| 2:36 | Build | House |
| 3:04 | Create | Villager (Male) |
| 3:05 | Create | Villager (Male) |
| 3:05 | Create | Villager (Male) |
| 3:05 | Create | Villager (Male) |
| 3:06 | Create | Villager (Male) |
| 4:03 | Create | Villager (Male) |
| 4:04 | Create | Villager (Male) |
| 5:15 | Build | Lumber Camp |
| 5:20 | Create | Villager (Male) |
| 5:21 | Create | Villager (Male) |
| 5:23 | Create | Villager (Male) |
| 5:32 | Build | House |
| 6:48 | Create | Villager (Male) |
| 6:48 | Create | Villager (Male) |
| 6:48 | Create | Villager (Male) |
| 6:49 | Create | Villager (Male) |
| 7:11 | Build | Mill |
| 7:43 | Build | House |
| 7:47 | Build | House |
| 8:20 | Create | Villager (Male) |
| 8:20 | Create | Villager (Male) |
| 8:20 | Create | Villager (Male) |
| 8:20 | Create | Villager (Male) |
| 8:21 | Create | Villager (Male) |
| 8:21 | Create | Villager (Male) |
| 8:28 | Build | House |
| 9:01 | Build | House |
| 9:36 | Create | Villager (Male) |
| 9:36 | Create | Villager (Male) |
| 9:36 | Create | Villager (Male) |
| 9:37 | Create | Villager (Male) |
| 9:37 | Create | Villager (Male) |
| 9:40 | Build | House |
| 9:50 | Build | House |
| 11:01 | Build | House |
| 11:13 | Build | House |
| 11:31 | Build | Mining Camp |
| 11:54 | Research | Feudal Age |
| 11:54 | Research | Feudal Age |
| 11:56 | Create | Villager (Male) |
| 11:57 | Create | Villager (Male) |
| 12:44 | Research | Loom |
| 12:45 | Create | Villager (Male) |
| 12:45 | Create | Villager (Male) |
| 14:15 | Age | Feudal Age |
| 14:17 | Build | Market |
| 14:19 | Build | Blacksmith |
| 15:06 | Research | Castle Age |
| 15:07 | Research | Castle Age |
| 15:07 | Research | Castle Age |
| 15:26 | Build | Barracks |
| 15:41 | Research | Double-Bit Axe |
| 17:02 | Build | Stable |
| 17:39 | Create | Villager (Male) |
| 17:39 | Create | Villager (Male) |
| 17:39 | Create | Villager (Male) |
| 17:39 | Create | Villager (Male) |
| 17:45 | Research | Forging |
| 17:45 | Research | Scale Barding Armor |
| 17:46 | Age | Castle Age |
| 17:54 | Create | Knight |
| 18:09 | Research | Gold Mining |
| 18:09 | Research | Gold Mining |
| 18:41 | Build | Stable |
| 19:04 | Build | House |
| 19:05 | Build | House |
| 19:10 | Build | Farm |
| 19:26 | Create | Knight |
| 19:27 | Research | Husbandry |
| 19:27 | Research | Husbandry |
| 19:38 | Build | Farm |
| 20:12 | Build | House |
| 20:20 | Build | Palisade Wall |
| 20:25 | Create | Villager (Male) |
| 20:26 | Create | Villager (Male) |
| 20:37 | Build | Farm |
| 20:42 | Build | Farm |
| 21:20 | Create | Villager (Male) |
| 21:21 | Create | Villager (Male) |
| 21:21 | Create | Villager (Male) |
| 21:52 | Build | Town Center |
| 22:03 | Build | Palisade Wall |
| 22:32 | Build | Farm |
| 22:45 | Build | House |
| 22:47 | Build | House |
| 22:48 | Build | House |
| 22:49 | Build | House |
| 22:57 | Create | Villager (Male) |
| 23:05 | Create | Villager (Male) |
| 23:05 | Create | Villager (Male) |
| 23:05 | Create | Villager (Male) |
| 24:17 | Build | Farm |
| 24:19 | Build | Farm |
| 24:31 | Build | University |
| 24:39 | Create | Villager (Male) |
| 24:39 | Create | Villager (Male) |
| 24:39 | Create | Villager (Male) |
| 24:40 | Create | Villager (Male) |
| 24:40 | Create | Villager (Male) |
| 25:03 | Build | Stable |
| 25:16 | Build | Gate |
| 25:18 | Build | Stone Wall |
| 25:25 | Create | Villager (Male) |
| 25:25 | Create | Villager (Male) |
| 25:42 | Create | Villager (Male) |
| 25:42 | Create | Villager (Male) |
| 25:45 | Build | Farm |
| 25:47 | Build | Farm |
| 25:50 | Build | Farm |
| 25:57 | Build | Farm |
| 26:18 | Create | Knight |
| 26:18 | Create | Knight |
| 26:19 | Create | Knight |
| 26:19 | Create | Knight |
| 26:32 | Build | Farm |
| 26:40 | Create | Villager (Male) |
| 26:41 | Create | Villager (Male) |
| 26:41 | Create | Villager (Male) |
| 26:51 | Build | Mill |
| 27:04 | Build | Monastery |
| 27:10 | Build | Stone Wall |
| 27:22 | Build | Stone Wall |
| 27:30 | Build | Stone Wall |
| 27:33 | Build | Stone Wall |
| 27:36 | Create | Villager (Male) |
| 27:37 | Create | Villager (Male) |
| 27:37 | Create | Villager (Male) |
| 27:37 | Create | Villager (Male) |
| 27:37 | Create | Villager (Male) |
| 27:53 | Create | Knight |
| 27:53 | Create | Knight |
| 27:54 | Create | Knight |
| 28:00 | Create | Monk |
| 28:00 | Create | Monk |
| 28:20 | Create | Knight |
| 28:21 | Create | Knight |
| 28:21 | Create | Knight |
| 28:24 | Build | Farm |
| 28:30 | Build | Farm |
| 28:43 | Build | Farm |
| 29:17 | Create | Knight |
| 29:17 | Create | Knight |
| 29:17 | Create | Knight |
| 29:18 | Create | Villager (Male) |
| 29:18 | Create | Villager (Male) |
| 29:18 | Create | Villager (Male) |
| 29:19 | Create | Villager (Male) |
| 29:27 | Build | House |
Build order — WildcatGecko807
First 150 of 530 actions detected
| 0:32 | Build | Town Center |
| 2:30 | Create | Villager (Male) |
| 2:30 | Create | Villager (Male) |
| 2:30 | Create | Villager (Male) |
| 2:30 | Create | Villager (Male) |
| 2:30 | Create | Villager (Male) |
| 3:26 | Build | House |
| 3:29 | Research | Loom |
| 3:37 | Create | Villager (Male) |
| 3:37 | Create | Villager (Male) |
| 3:38 | Create | Villager (Male) |
| 4:26 | Create | Villager (Male) |
| 4:48 | Build | House |
| 4:50 | Create | Villager (Male) |
| 5:12 | Build | House |
| 5:50 | Create | Villager (Male) |
| 6:15 | Create | Villager (Male) |
| 6:52 | Create | Villager (Male) |
| 6:52 | Create | Villager (Male) |
| 6:52 | Create | Villager (Male) |
| 6:53 | Create | Villager (Male) |
| 7:22 | Create | Villager (Male) |
| 7:44 | Create | Villager (Male) |
| 7:49 | Create | Villager (Male) |
| 7:58 | Create | Villager (Male) |
| 8:11 | Create | Villager (Male) |
| 8:42 | Create | Villager (Male) |
| 8:49 | Build | House |
| 8:59 | Create | Villager (Male) |
| 9:15 | Create | Villager (Male) |
| 9:27 | Create | Villager (Male) |
| 9:51 | Build | Mill |
| 10:29 | Create | Villager (Male) |
| 10:41 | Create | Villager (Male) |
| 10:54 | Build | Lumber Camp |
| 10:56 | Create | Villager (Male) |
| 11:04 | Create | Villager (Male) |
| 11:25 | Create | Villager (Male) |
| 11:27 | Build | House |
| 11:36 | Research | Feudal Age |
| 11:46 | Build | Barracks |
| 12:16 | Build | Mining Camp |
| 12:33 | Build | House |
| 13:22 | Build | House |
| 13:25 | Build | Palisade Wall |
| 13:46 | Create | Villager (Male) |
| 14:10 | Build | Stable |
| 14:13 | Create | Villager (Male) |
| 14:33 | Create | Villager (Male) |
| 14:38 | Build | Lumber Camp |
| 14:49 | Create | Villager (Male) |
| 14:52 | Research | Double-Bit Axe |
| 14:57 | Build | House |
| 14:58 | Build | House |
| 15:00 | Create | Spearman |
| 15:02 | Create | Villager (Male) |
| 15:24 | Build | Farm |
| 15:31 | Create | Villager (Male) |
| 15:38 | Create | Scout Cavalry |
| 15:44 | Build | Farm |
| 16:03 | Create | Villager (Male) |
| 16:09 | Create | Scout Cavalry |
| 16:11 | Create | Villager (Male) |
| 16:15 | Build | Blacksmith |
| 16:17 | Create | Villager (Male) |
| 16:23 | Create | Villager (Male) |
| 16:31 | Build | Farm |
| 16:36 | Create | Villager (Male) |
| 16:39 | Build | Farm |
| 16:45 | Create | Villager (Male) |
| 16:52 | Create | Villager (Male) |
| 16:58 | Create | Scout Cavalry |
| 17:13 | Create | Villager (Male) |
| 17:16 | Research | Forging |
| 17:25 | Build | Market |
| 17:31 | Research | Fletching |
| 17:35 | Create | Scout Cavalry |
| 17:43 | Build | Watch Tower |
| 17:45 | Create | Villager (Male) |
| 17:52 | Build | Mining Camp |
| 18:07 | Create | Villager (Male) |
| 18:10 | Build | Farm |
| 18:29 | Research | Scale Barding Armor |
| 18:31 | Build | House |
| 18:43 | Build | Farm |
| 18:45 | Build | Farm |
| 19:25 | Build | Farm |
| 19:27 | Build | Farm |
| 19:29 | Build | Farm |
| 19:36 | Research | Castle Age |
| 19:51 | Build | Archery Range |
| 20:22 | Create | Villager (Male) |
| 20:25 | Build | House |
| 20:26 | Build | House |
| 20:27 | Build | House |
| 21:41 | Create | Villager (Male) |
| 22:17 | Build | Town Center |
| 22:19 | Create | Cavalry Archer |
| 22:21 | Research | Fletching |
| 22:22 | Create | Villager (Male) |
| 22:39 | Build | Town Center |
| 22:45 | Create | Villager (Male) |
| 22:50 | Research | Bow Saw |
| 23:00 | Research | Wheelbarrow |
| 23:09 | Create | Villager (Male) |
| 23:13 | Create | Cavalry Archer |
| 23:16 | Research | Bodkin Arrow |
| 23:17 | Create | Villager (Male) |
| 23:26 | Build | Palisade Wall |
| 23:38 | Create | Cavalry Archer |
| 23:41 | Create | Villager (Male) |
| 23:55 | Research | Padded Archer Armor |
| 24:12 | Create | Villager (Male) |
| 24:28 | Create | Cavalry Archer |
| 24:31 | Create | Villager (Male) |
| 24:47 | Create | Villager (Male) |
| 24:55 | Create | Villager (Male) |
| 24:59 | Create | Cavalry Archer |
| 25:26 | Build | Siege Workshop |
| 25:32 | Create | Villager (Male) |
| 25:32 | Create | Villager (Male) |
| 25:36 | Create | Cavalry Archer |
| 25:50 | Create | Villager (Male) |
| 26:03 | Create | Cavalry Archer |
| 26:11 | Create | Mangonel |
| 26:17 | Build | Farm |
| 26:21 | Create | Villager (Male) |
| 26:22 | Create | Villager (Male) |
| 26:26 | Build | Castle |
| 27:22 | Research | Town Watch |
| 27:59 | Create | Villager (Male) |
| 28:02 | Create | Cavalry Archer |
| 28:02 | Create | Cavalry Archer |
| 28:18 | Create | Villager (Male) |
| 28:24 | Build | Farm |
| 28:31 | Create | Villager (Male) |
| 28:34 | Build | Farm |
| 28:48 | Create | Villager (Male) |
| 28:49 | Create | Villager (Male) |
| 28:55 | Create | Cavalry Archer |
| 29:01 | Create | Villager (Male) |
| 29:03 | Build | Farm |
| 29:13 | Build | Farm |
| 29:14 | Build | Farm |
| 29:28 | Create | Cavalry Archer |
| 29:34 | Build | Farm |
| 29:41 | Research | Leather Archer Armor |
| 29:42 | Research | Leather Archer Armor |
| 29:46 | Create | Villager (Male) |
| 29:58 | Create | Villager (Male) |
Build order — oy
First 150 of 578 actions detected
| 0:20 | Build | Town Center |
| 2:25 | Create | Villager (Male) |
| 2:25 | Create | Villager (Male) |
| 2:25 | Create | Villager (Male) |
| 2:26 | Create | Villager (Male) |
| 2:26 | Create | Villager (Male) |
| 4:07 | Create | Villager (Male) |
| 4:07 | Create | Villager (Male) |
| 4:07 | Create | Villager (Male) |
| 4:07 | Create | Villager (Male) |
| 4:08 | Create | Villager (Male) |
| 4:26 | Build | Lumber Camp |
| 5:21 | Create | Villager (Male) |
| 5:21 | Create | Villager (Male) |
| 5:21 | Create | Villager (Male) |
| 5:45 | Create | Villager (Male) |
| 5:45 | Create | Villager (Male) |
| 5:52 | Research | Loom |
| 5:56 | Create | Villager (Male) |
| 6:01 | Create | Villager (Male) |
| 6:01 | Create | Villager (Male) |
| 6:32 | Build | Palisade Wall |
| 6:38 | Create | Villager (Male) |
| 6:45 | Build | Palisade Wall |
| 6:48 | Build | Palisade Wall |
| 7:11 | Create | Villager (Male) |
| 7:11 | Create | Villager (Male) |
| 7:12 | Create | Villager (Male) |
| 7:16 | Create | Villager (Male) |
| 8:45 | Create | Villager (Male) |
| 9:20 | Create | Villager (Male) |
| 9:22 | Build | Mill |
| 9:35 | Create | Villager (Male) |
| 9:49 | Create | Villager (Male) |
| 10:06 | Build | Palisade Wall |
| 10:10 | Build | Palisade Wall |
| 10:50 | Create | Villager (Male) |
| 11:16 | Create | Villager (Male) |
| 11:22 | Research | Feudal Age |
| 12:48 | Build | Barracks |
| 13:04 | Create | Villager (Male) |
| 13:48 | Create | Villager (Male) |
| 14:12 | Age | Feudal Age |
| 14:19 | Build | Stable |
| 14:24 | Build | Blacksmith |
| 14:25 | Create | Villager (Male) |
| 14:58 | Research | Double-Bit Axe |
| 15:07 | Create | Villager (Male) |
| 15:11 | Create | Scout Cavalry |
| 15:17 | Research | Castle Age |
| 15:31 | Research | Scale Barding Armor |
| 15:33 | Create | Scout Cavalry |
| 15:42 | Create | Villager (Male) |
| 15:56 | Create | Scout Cavalry |
| 16:10 | Create | Scout Cavalry |
| 17:17 | Create | Villager (Male) |
| 17:18 | Research | Bloodlines |
| 18:07 | Age | Castle Age |
| 18:09 | Build | Town Center |
| 18:28 | Create | Knight |
| 18:30 | Research | Forging |
| 18:37 | Create | Villager (Male) |
| 18:44 | Research | Light Cavalry (upgrade) |
| 18:46 | Create | Villager (Male) |
| 18:58 | Create | Villager (Male) |
| 19:06 | Build | Town Center |
| 19:14 | Create | Villager (Male) |
| 19:18 | Create | Villager (Male) |
| 19:34 | Create | Villager (Male) |
| 19:43 | Create | Villager (Male) |
| 19:48 | Create | Knight |
| 20:15 | Create | Villager (Male) |
| 20:16 | Create | Villager (Male) |
| 20:24 | Create | Villager (Male) |
| 20:26 | Build | Farm |
| 20:36 | Create | Villager (Male) |
| 20:53 | Create | Villager (Male) |
| 21:10 | Build | Farm |
| 21:10 | Create | Villager (Male) |
| 21:16 | Build | Farm |
| 21:20 | Create | Villager (Male) |
| 21:37 | Create | Villager (Male) |
| 21:41 | Build | Monastery |
| 21:50 | Create | Villager (Male) |
| 21:56 | Create | Villager (Male) |
| 22:01 | Create | Knight |
| 22:11 | Create | Villager (Male) |
| 22:14 | Create | Villager (Male) |
| 22:25 | Build | Stone Wall |
| 22:33 | Create | Monk |
| 22:40 | Build | Archery Range |
| 22:45 | Create | Villager (Male) |
| 22:47 | Create | Villager (Male) |
| 22:50 | Research | Horse Collar |
| 22:56 | Build | Farm |
| 22:57 | Build | Farm |
| 22:58 | Create | Villager (Male) |
| 22:58 | Create | Villager (Male) |
| 23:04 | Create | Villager (Male) |
| 23:14 | Create | Villager (Male) |
| 23:36 | Create | Villager (Male) |
| 23:36 | Create | Villager (Male) |
| 23:37 | Research | Elite Skirmisher (upgrade) |
| 23:42 | Build | Gate |
| 23:47 | Create | Skirmisher |
| 23:47 | Create | Skirmisher |
| 23:48 | Create | Villager (Male) |
| 23:55 | Create | Villager (Male) |
| 24:00 | Create | Skirmisher |
| 24:23 | Build | Stone Wall |
| 24:25 | Create | Villager (Male) |
| 24:27 | Build | Gate |
| 24:29 | Create | Villager (Male) |
| 24:30 | Create | Skirmisher |
| 24:33 | Create | Villager (Male) |
| 24:36 | Build | Farm |
| 24:37 | Build | Farm |
| 24:38 | Build | Farm |
| 24:40 | Build | Farm |
| 24:41 | Build | Farm |
| 24:49 | Create | Villager (Male) |
| 24:50 | Create | Villager (Male) |
| 24:50 | Create | Villager (Male) |
| 25:05 | Build | Archery Range |
| 25:06 | Create | Villager (Male) |
| 25:07 | Create | Skirmisher |
| 25:08 | Create | Skirmisher |
| 25:08 | Create | Skirmisher |
| 25:14 | Build | Farm |
| 25:15 | Create | Villager (Male) |
| 25:38 | Build | Farm |
| 25:41 | Create | Villager (Male) |
| 25:43 | Create | Villager (Male) |
| 25:45 | Build | Farm |
| 25:50 | Build | Farm |
| 25:53 | Build | Farm |
| 26:01 | Build | Farm |
| 26:02 | Build | Farm |
| 26:02 | Create | Villager (Male) |
| 26:09 | Build | Stone Wall |
| 26:12 | Create | Villager (Male) |
| 26:16 | Create | Villager (Male) |
| 26:28 | Build | Farm |
| 26:29 | Build | Farm |
| 26:30 | Build | Farm |
| 26:30 | Create | Villager (Male) |
| 26:44 | Create | Villager (Male) |
| 26:57 | Create | Villager (Male) |
| 26:57 | Create | Villager (Male) |
| 27:01 | Create | Skirmisher |
Build order — Fs.Corisco^Hs
First 150 of 443 actions detected
| 0:59 | Build | Town Center |
| 2:29 | Build | House |
| 2:47 | Create | Villager (Male) |
| 2:47 | Create | Villager (Male) |
| 2:47 | Create | Villager (Male) |
| 2:48 | Create | Villager (Male) |
| 3:12 | Build | House |
| 3:56 | Create | Villager (Male) |
| 3:56 | Create | Villager (Male) |
| 4:03 | Build | Lumber Camp |
| 4:29 | Create | Villager (Male) |
| 4:29 | Create | Villager (Male) |
| 4:29 | Create | Villager (Male) |
| 5:01 | Build | Palisade Gate |
| 5:19 | Create | Villager (Male) |
| 5:20 | Create | Villager (Male) |
| 5:20 | Create | Villager (Male) |
| 5:45 | Build | House |
| 5:57 | Create | Villager (Male) |
| 6:11 | Build | Palisade Wall |
| 6:13 | Build | Palisade Wall |
| 6:14 | Build | Palisade Wall |
| 6:16 | Build | Palisade Wall |
| 6:47 | Create | Villager (Male) |
| 6:48 | Create | Villager (Male) |
| 7:05 | Build | Palisade Wall |
| 7:07 | Build | Palisade Wall |
| 7:10 | Build | Palisade Wall |
| 7:20 | Build | Palisade Wall |
| 7:33 | Create | Villager (Male) |
| 7:33 | Create | Villager (Male) |
| 7:47 | Build | Palisade Wall |
| 7:49 | Build | House |
| 8:10 | Research | Loom |
| 8:25 | Create | Villager (Male) |
| 8:25 | Create | Villager (Male) |
| 8:56 | Build | Mill |
| 9:06 | Create | Villager (Male) |
| 9:28 | Build | Palisade Wall |
| 9:34 | Create | Villager (Male) |
| 9:34 | Create | Villager (Male) |
| 9:45 | Build | Palisade Wall |
| 9:57 | Create | Villager (Male) |
| 9:58 | Create | Villager (Male) |
| 10:08 | Build | Lumber Camp |
| 10:31 | Build | Palisade Wall |
| 10:35 | Build | Palisade Wall |
| 11:24 | Build | Mining Camp |
| 11:34 | Research | Feudal Age |
| 12:05 | Build | House |
| 12:35 | Build | Mill |
| 12:51 | Build | Palisade Wall |
| 13:36 | Create | Villager (Male) |
| 13:36 | Create | Villager (Male) |
| 13:45 | Age | Feudal Age |
| 13:50 | Build | Market |
| 14:31 | Create | Villager (Male) |
| 14:43 | Build | Blacksmith |
| 14:59 | Create | Villager (Male) |
| 15:10 | Build | House |
| 15:14 | Build | Palisade Wall |
| 15:22 | Create | Villager (Male) |
| 15:22 | Create | Villager (Male) |
| 15:33 | Build | Mining Camp |
| 16:13 | Research | Castle Age |
| 16:27 | Build | House |
| 16:48 | Research | Horse Collar |
| 16:58 | Build | Barracks |
| 17:07 | Build | House |
| 17:09 | Build | House |
| 18:01 | Build | House |
| 18:10 | Create | Spearman |
| 18:10 | Create | Spearman |
| 18:23 | Build | House |
| 18:29 | Build | Farm |
| 18:32 | Create | Villager (Male) |
| 18:32 | Create | Villager (Male) |
| 18:38 | Research | Double-Bit Axe |
| 18:44 | Build | House |
| 18:55 | Age | Castle Age |
| 19:23 | Build | Stable |
| 19:36 | Build | Farm |
| 19:50 | Create | Villager (Male) |
| 19:50 | Create | Villager (Male) |
| 20:02 | Research | Pikeman (upgrade) |
| 20:09 | Build | Farm |
| 20:16 | Create | Villager (Male) |
| 20:16 | Create | Villager (Male) |
| 20:28 | Create | Camel Scout |
| 20:41 | Create | Spearman |
| 20:47 | Build | Farm |
| 20:49 | Create | Villager (Male) |
| 21:06 | Create | Villager (Male) |
| 21:07 | Create | Villager (Male) |
| 21:09 | Build | Farm |
| 21:35 | Build | Town Center |
| 21:52 | Build | Castle |
| 22:05 | Create | Villager (Male) |
| 22:05 | Create | Villager (Male) |
| 22:05 | Create | Villager (Male) |
| 22:07 | Research | Town Watch |
| 22:15 | Create | Camel Scout |
| 22:55 | Build | Farm |
| 22:57 | Create | Villager (Male) |
| 22:57 | Create | Villager (Male) |
| 23:19 | Build | Palisade Wall |
| 23:20 | Build | Palisade Wall |
| 23:29 | Create | Mangudai ×2 |
| 23:54 | Create | Villager (Male) |
| 23:54 | Create | Villager (Male) |
| 24:20 | Create | Villager (Male) |
| 24:21 | Create | Villager (Male) |
| 24:24 | Build | Farm |
| 24:29 | Create | Villager (Male) |
| 24:30 | Create | Villager (Male) |
| 24:30 | Create | Villager (Male) |
| 25:07 | Build | Mining Camp |
| 25:09 | Create | Villager (Male) |
| 25:09 | Create | Villager (Male) |
| 25:17 | Research | Stone Mining |
| 25:17 | Research | Stone Mining |
| 25:21 | Create | Mangudai ×2 |
| 25:43 | Build | House |
| 25:44 | Build | House |
| 25:45 | Build | House |
| 25:51 | Build | Farm |
| 25:52 | Build | Farm |
| 25:53 | Build | Farm |
| 25:56 | Create | Villager (Male) |
| 25:56 | Create | Villager (Male) |
| 25:56 | Create | Villager (Male) |
| 26:08 | Build | Mining Camp |
| 26:11 | Research | Bow Saw |
| 26:21 | Research | Gold Mining |
| 26:24 | Create | Villager (Male) |
| 26:24 | Create | Villager (Male) |
| 26:24 | Create | Villager (Male) |
| 26:34 | Build | University |
| 26:49 | Build | Lumber Camp |
| 26:52 | Create | Villager (Male) |
| 26:52 | Create | Villager (Male) |
| 27:05 | Build | Palisade Gate |
| 27:21 | Research | Wheelbarrow |
| 27:22 | Create | Villager (Male) |
| 27:22 | Create | Villager (Male) |
| 27:30 | Build | Town Center |
| 27:46 | Create | Villager (Male) |
| 27:46 | Create | Villager (Male) |
| 27:46 | Create | Villager (Male) |
| 27:46 | Create | Villager (Male) |
Match timeline
| 6:11 | Fs.Corisco^Hs · wall_segment Palisade Wall x1 |
| 6:13 | Fs.Corisco^Hs · wall_segment Palisade Wall x1 |
| 6:14 | Fs.Corisco^Hs · wall_segment Palisade Wall x1 |
| 6:16 | Fs.Corisco^Hs · wall_segment Palisade Wall x6 |
| 6:32 | oy · wall_segment Palisade Wall x2 |
| 6:45 | oy · wall_segment Palisade Wall x1 |
| 6:48 | oy · wall_segment Palisade Wall x1 |
| 7:05 | Fs.Corisco^Hs · wall_segment Palisade Wall x2 |
| 7:07 | Fs.Corisco^Hs · wall_segment Palisade Wall x1 |
| 7:10 | Fs.Corisco^Hs · wall_segment Palisade Wall x4 |
| 7:20 | Fs.Corisco^Hs · wall_segment Palisade Wall x6 |
| 7:47 | Fs.Corisco^Hs · wall_segment Palisade Wall x4 |
| 9:17 | peterzjx · wall_segment Palisade Wall x1 |
| 9:18 | peterzjx · wall_segment Palisade Wall x1 |
| 9:21 | peterzjx · wall_segment Palisade Wall x7 |
| 9:21 | peterzjx · wall_segment Palisade Wall x1 |
| 9:22 | peterzjx · wall_segment Palisade Wall x1 |
| 9:28 | Fs.Corisco^Hs · wall_segment Palisade Wall x4 |
| 9:45 | Fs.Corisco^Hs · wall_segment Palisade Wall x4 |
| 10:06 | oy · wall_segment Palisade Wall x1 |
| 10:10 | oy · wall_segment Palisade Wall x1 |
| 10:22 | peterzjx · first_building Barracks |
| 10:31 | Fs.Corisco^Hs · wall_segment Palisade Wall x8 |
| 10:35 | Fs.Corisco^Hs · wall_segment Palisade Wall x6 |
| 10:55 | 天天开心 · wall_segment Palisade Wall x5 |
| 11:44 | johnnyboy · wall_segment Palisade Wall x5 |
| 11:46 | WildcatGecko807 · first_building Barracks |
| 11:52 | johnnyboy · wall_segment Palisade Wall x13 |
| 11:54 | peterzjx · wall_segment Palisade Wall x5 |
| 12:16 | peterzjx · wall_segment Palisade Wall x1 |
| 12:19 | 天天开心 · first_building Barracks |
| 12:32 | johnnyboy · age_up feudal |
| 12:46 | johnnyboy · wall_segment Palisade Wall x1 |
| 12:48 | oy · first_building Barracks |
| 12:51 | Fs.Corisco^Hs · wall_segment Palisade Wall x6 |
| 13:25 | WildcatGecko807 · wall_segment Palisade Wall x4 |
| 13:27 | peterzjx · first_building Dock |
| 13:27 | 天天开心 · age_up feudal |
| 13:28 | peterzjx · age_up feudal |
| 13:31 | 天天开心 · first_building Stable |
| 13:45 | Fs.Corisco^Hs · age_up feudal |
| 14:06 | johnnyboy · wall_segment Palisade Wall x3 |
| 14:08 | johnnyboy · wall_segment Palisade Wall x4 |
| 14:10 | WildcatGecko807 · first_building Stable |
| 14:12 | oy · age_up feudal |
| 14:15 | 曾经沧海难为水 · age_up feudal |
| 14:19 | oy · first_building Stable |
| 14:24 | johnnyboy · first_building Barracks |
| 14:26 | johnnyboy · wall_segment Palisade Wall x1 |
| 14:36 | johnnyboy · wall_segment Palisade Wall x4 |
| 14:44 | 搞就完了 · age_up feudal |
| 14:58 | peterzjx · wall_segment Palisade Wall x1 |
| 15:14 | Fs.Corisco^Hs · wall_segment Palisade Wall x3 |
| 15:26 | 曾经沧海难为水 · first_building Barracks |
| 15:30 | johnnyboy · first_building Archery Range |
| 15:54 | johnnyboy · wall_segment Palisade Wall x9 |
| 16:58 | Fs.Corisco^Hs · first_building Barracks |
| 17:02 | 曾经沧海难为水 · first_building Stable |
| 17:19 | johnnyboy · wall_segment Palisade Wall x1 |
| 17:21 | johnnyboy · wall_segment Palisade Wall x1 |
| 17:46 | 曾经沧海难为水 · age_up castle |
| 17:51 | peterzjx · wall_segment Palisade Wall x2 |
| 17:55 | johnnyboy · age_up castle |
| 17:56 | peterzjx · wall_segment Palisade Wall x1 |
| 18:07 | oy · age_up castle |
| 18:13 | peterzjx · age_up castle |
| 18:18 | 搞就完了 · age_up castle |
| 18:35 | 搞就完了 · first_building Castle |
| 18:55 | Fs.Corisco^Hs · age_up castle |
| 19:23 | Fs.Corisco^Hs · first_building Stable |
| 19:38 | johnnyboy · first_market_sell 100 wood |
| 19:51 | WildcatGecko807 · first_building Archery Range |
| 20:20 | 曾经沧海难为水 · wall_segment Palisade Wall x12 |
| 20:48 | peterzjx · first_market_buy 100 wood |
| 21:41 | oy · first_building Monastery |
| 21:52 | Fs.Corisco^Hs · first_building Castle |
| 22:03 | 曾经沧海难为水 · wall_segment Palisade Wall x8 |
| 22:25 | oy · wall_segment Stone Wall x1 |
| 22:29 | 搞就完了 · first_building Siege Workshop |
| 22:36 | johnnyboy · wall_segment Palisade Wall x1 |
| 22:39 | johnnyboy · wall_segment Palisade Wall x2 |
| 22:40 | oy · first_building Archery Range |
| 23:00 | johnnyboy · wall_segment Palisade Wall x2 |
| 23:03 | 曾经沧海难为水 · first_market_buy 100 food |
| 23:19 | Fs.Corisco^Hs · wall_segment Palisade Wall x1 |
| 23:20 | Fs.Corisco^Hs · wall_segment Palisade Wall x1 |
| 23:26 | WildcatGecko807 · wall_segment Palisade Wall x1 |
| 24:07 | peterzjx · wall_segment Palisade Wall x1 |
| 24:22 | peterzjx · wall_segment Palisade Wall x1 |
| 24:23 | oy · wall_segment Stone Wall x11 |
| 24:31 | 搞就完了 · first_market_buy 100 food |
| 25:04 | johnnyboy · first_building Stable |
| 25:18 | 曾经沧海难为水 · wall_segment Stone Wall x1 |
| 25:26 | WildcatGecko807 · first_building Siege Workshop |
| 25:57 | 天天开心 · wall_segment Stone Wall x8 |
| 26:06 | johnnyboy · first_market_buy 100 food |
| 26:09 | oy · wall_segment Stone Wall x7 |
| 26:26 | WildcatGecko807 · first_building Castle |
| 26:55 | 天天开心 · wall_segment Stone Wall x11 |
| 27:00 | 天天开心 · wall_segment Stone Wall x15 |
| 27:04 | 曾经沧海难为水 · first_building Monastery |
| 27:10 | 曾经沧海难为水 · wall_segment Stone Wall x1 |
| 27:10 | 天天开心 · wall_segment Stone Wall x13 |
| 27:22 | 曾经沧海难为水 · wall_segment Stone Wall x8 |
| 27:30 | 曾经沧海难为水 · wall_segment Stone Wall x1 |
| 27:33 | 天天开心 · wall_segment Stone Wall x10 |
| 27:33 | 曾经沧海难为水 · wall_segment Stone Wall x1 |
| 27:44 | 天天开心 · wall_segment Stone Wall x3 |
| 27:47 | peterzjx · first_building Siege Workshop |
| 27:53 | 天天开心 · wall_segment Stone Wall x4 |
| 28:26 | 天天开心 · age_up castle |
| 28:34 | oy · first_building Castle |
| 29:23 | 曾经沧海难为水 · first_market_sell 100 wood |
| 29:38 | oy · wall_segment Stone Wall x14 |
| 29:52 | peterzjx · first_building Castle |
| 30:00 | peterzjx · wall_segment Palisade Wall x1 |
| 30:14 | Fs.Corisco^Hs · first_building Monastery |
| 30:25 | oy · wall_segment Stone Wall x19 |
| 31:03 | 曾经沧海难为水 · wall_segment Stone Wall x1 |
| 31:03 | 曾经沧海难为水 · wall_segment Stone Wall x1 |
| 31:38 | 天天开心 · first_building Castle |
| 32:01 | oy · wall_segment Stone Wall x5 |
| 32:11 | 曾经沧海难为水 · first_building Archery Range |
| 32:30 | oy · wall_segment Stone Wall x2 |
| 32:57 | oy · wall_segment Stone Wall x7 |
| 33:05 | oy · wall_segment Stone Wall x1 |
| 33:58 | 曾经沧海难为水 · wall_segment Palisade Wall x13 |
| 35:35 | johnnyboy · first_building Castle |
| 35:45 | Fs.Corisco^Hs · age_up imperial |
| 35:55 | oy · wall_segment Stone Wall x1 |
| 35:59 | oy · age_up imperial |
| 36:13 | Fs.Corisco^Hs · first_market_sell 500 food |
| 37:12 | WildcatGecko807 · first_building Monastery |
| 39:43 | 天天开心 · wall_segment Stone Wall x7 |
| 39:59 | 搞就完了 · first_building Barracks |
| 40:06 | johnnyboy · age_up imperial |
| 40:17 | 天天开心 · first_building Archery Range |
| 40:38 | 曾经沧海难为水 · age_up imperial |
| 40:43 | 天天开心 · first_market_sell 100 food |
| 41:25 | 搞就完了 · first_building Stable |
| 41:40 | 天天开心 · first_market_buy 100 wood |
| 41:43 | Fs.Corisco^Hs · wall_segment Stone Wall x6 |
| 43:02 | 天天开心 · wall_segment Stone Wall x1 |
| 43:38 | WildcatGecko807 · first_market_sell 100 food |
| 43:45 | 曾经沧海难为水 · first_building Castle |
| 44:17 | 天天开心 · age_up imperial |
| 46:09 | 搞就完了 · first_building Archery Range |
| 47:07 | Fs.Corisco^Hs · first_market_buy 100 stone |
| 47:59 | 曾经沧海难为水 · wall_segment Stone Wall x8 |
| 48:54 | 天天开心 · wall_segment Stone Wall x1 |
| 48:56 | 天天开心 · wall_segment Stone Wall x1 |
| 49:30 | 曾经沧海难为水 · wall_segment Stone Wall x1 |
| 51:26 | peterzjx · first_building Stable |
| 51:42 | 搞就完了 · age_up imperial |
| 55:17 | 曾经沧海难为水 · wall_segment Stone Wall x1 |
| 55:28 | peterzjx · age_up imperial |
| 56:05 | oy · wall_segment Stone Wall x1 |
| 56:16 | 曾经沧海难为水 · wall_segment Stone Wall x1 |
| 57:03 | 天天开心 · resign |
[ AI ANALYSIS · 1 CREDIT ]
What really happened in this match?
Wolo.gg analyzes every decision: build order, eco, micro, common mistakes by bracket. Personalized analysis on WhatsApp or Discord in 30 seconds.
Civ guide
Mongols
Perfil
Jugador #9992192